 Dungeon Crawl Stone Soup version bcrawl-1.35.4b (webtiles) character file.

Game seed: 8362570710111105968

142792 Dulis131 the Shield-Bearer (level 6, -5/47 HPs)
             Began as a Human Fighter on Jan 29, 2022.
             Slain by a gnoll sergeant
             ... wielding a +1 spear of piercing
              (8 damage)
             ... on level 4 of the Dungeon.
             The game lasted 00:16:31 (4175 turns).

Dulis131 the Shield-Bearer (Human Fighter)          Turns: 4175, Time: 00:16:31

Health: -5/47      AC:  9    Str: 23    XL:     6   Next: 86%
Magic:  7/7        EV:  6    Int:  9    God:
Gold:   300        SH: 10    Dex: 12    Spells: 7/7 levels left

rFire    . . .     SeeInvis .   m - +0 spear
rCold    . . .     Gourm    +   c - +0 medium shield
rNeg     . . .     Faith    .   b - +0 scale mail
rPois    +         Spirit   .   w - +2 hat
rElec    .         Reflect  .   (no cloak)
rCorr    .                      (no gloves)
MR       .....                  (no boots)
Stlth    ..........             x - amulet of the gourmand
HPRegen  0.15/turn              D - ring of poison resistance
MPRegen  0.10/turn              E - ring of wizardry

@: mighty
A: no striking features
a: no special abilities


You were on level 4 of the Dungeon.
You were not hungry.

You visited 1 branch of the dungeon, and saw 5 of its levels.

You collected 300 gold pieces.

Inventory:

Hand Weapons
 a - a +0 flail
 m - a +0 spear (weapon)
Missiles
 g - 37 poisoned needles
 j - 286 bolts
 u - 144 poisoned tomahawks (quivered)
Armour
 b - a +0 scale mail (worn)
 c - a +0 medium shield (worn)
 w - a +2 hat (worn)
Jewellery
 x - an amulet of the gourmand (around neck)
 D - a ring of poison resistance (left hand)
 E - a ring of wizardry (right hand)
Wands
 A - a wand of digging (8)
Scrolls
 f - 4 scrolls of teleportation {unknown}
 h - a scroll of enchant armour {unknown}
 i - 3 scrolls of identify
 k - a scroll of fear {unknown}
 q - a scroll of noise {unknown}
 r - 2 scrolls of remove curse {unknown}
 y - a scroll of magic mapping {unknown}
 z - 2 scrolls of enchant weapon {unknown}
 F - a scroll of immolation {unknown}
Potions
 l - 2 potions of mutation {unknown}
 n - a potion of berserk rage {unknown}
 o - a potion of resistance {unknown}
 s - 3 potions of curing {unknown}
 t - a potion of haste {unknown}
 v - a potion of brilliance {unknown}
 B - a potion of heal wounds {unknown}
Comestibles
 e - 3 rations {!d}


   Skills:
 + Level 3.3 Fighting
 - Level 3.0 Maces & Flails
 * Level 3.7 Polearms
 + Level 0.8 Throwing
 + Level 4.3 Armour
 + Level 1.5 Dodging
 + Level 4.4 Shields
 * Level 1.2 Spellcasting


You had 7 spell levels left.
You didn't know any spells.
Your spell library contained the following spells:

 Spells                   Type           Power        Failure   Level  Hunger
 Magic Dart               Conj           #...         98%         1    None
 Searing Ray              Conj           #.......     99%         2    ###....
 Iskenderun's Mystic Bla  Conj           #.......     100%        3    #####..
 Fulminant Prism          Conj/Hex       #.........   100%        4    ######.
 Irradiate                Conj/Tmut      #.........   100%        5    #######


Dungeon Overview and Level Annotations

Branches:
Dungeon (5/12)
 Temple: D:4-7

Altars:
Elyvilon
Makhleb
Ru


Message History

The gnoll sergeant hits you from afar with a +1 spear of piercing.
Ssssck.
You are too injured to fight recklessly!
You are too injured to fight recklessly!
You are too injured to fight recklessly!
The gnoll sergeant hits you but does no damage.
Snnnck.
You hit the gnoll sergeant.
The gnoll sergeant is lightly wounded.
The gnoll sergeant hits you with a +1 spear of piercing!
You puncture the gnoll sergeant!
The gnoll sergeant is heavily wounded.
The gnoll sergeant hits you with a +1 spear of piercing.
* * * LOW HITPOINT WARNING * * *
x2 You hit the gnoll sergeant but do no damage.
The gnoll sergeant is heavily wounded.
The gnoll sergeant hits you with a +1 spear of piercing.
* * * LOW HITPOINT WARNING * * *
x2 The gnoll sergeant hits you from afar with a +1 spear of piercing!
You die...

#.#......## ##.........###
#............### ##
#.#.........#..########.
#.#.........###.....)...
.##...g.....# ###...#### #
##.g?....## #..## # #....).##
##..# #. #...@>## #..## #.##
##..### ##..## ....###### ####
##..# ......#### ##..## #..##
##....).....#####....# ##..#
#..###........##.....## #..#
#..............5......# ##..
............####.......#####..
.............# ####........##.


You could see a gnoll sergeant and a gnoll.

Vanquished Creatures
  A scorpion (D:4)
  3 crimson imps
  Jessica (D:2)
  2 worker ants (D:4)
  2 gnolls (D:4)
  2 adders
  2 worms
  3 dart slugs
  4 leopard geckos
  2 orcs (D:2)
  4 giant cockroaches
  6 hobgoblins
  6 kobolds
  4 quokkas
  2 ball pythons
  6 bats
  A frilled lizard (D:2)
  9 goblins
  9 rats
  A fungus (D:3)
70 creatures vanquished.

Notes
Turn   | Place    | Note
-------+----------+-------------------------------------------
     0 | D:1      | Dulis131 the Human Fighter began the quest for the Orb.
     0 | D:1      | Reached XP level 1. HP: 18/18 MP: 1/1
   201 | D:1      | Reached XP level 2. HP: 19/24 MP: 2/2
   498 | D:1      | Reached XP level 3. HP: 29/29 MP: 3/3
  1352 | D:2      | Reached XP level 4. HP: 7/35 MP: 4/4
  1526 | D:2      | Reached skill level 1 in Polearms
  1555 | D:2      | Noticed Jessica
  1582 | D:2      | Killed Jessica
  1583 | D:2      | Reached skill level 1 in Dodging
  1876 | D:2      | Found a burning altar of Makhleb.
  1906 | D:2      | Found a white marble altar of Elyvilon.
  2136 | D:3      | Reached XP level 5. HP: 31/41 MP: 5/5
  2890 | D:3      | Found a sacrificial altar of Ru.
  3868 | D:4      | Reached XP level 6. HP: 47/47 MP: 6/6
  3879 | D:4      | Reached skill level 1 in Spellcasting
  3996 | D:5      | Entered Level 5 of the Dungeon
  4175 | D:4      | Slain by a gnoll sergeant

Skill      XL: |  1  2  3  4  5  6 |
---------------+-------------------+-----
Maces & Flails | 3 |  3.0
Polearms       | 2 3 |  3.7
Dodging        | 1 |  1.5
Armour         | 4 |  4.3
Shields        | 4 |  4.4
Spellcasting   | 1 |  1.2
Fighting       | |  3.3
Throwing       | |  0.8

Action                   |  1- 3 |  4- 6 || total
-------------------------+-------+-------++-------
Melee: Flail             |    58 |       ||    58
       Spear             |    79 |   445 ||   524
Throw: Tomahawk          |       |     6 ||     6
  Use: Scroll            |       |     5 ||     5
       Potion            |       |     5 ||     5
  Eat: Chunk             |     3 |     7 ||    10
       Ration            |     1 |     5 ||     6
Armor: Scale mail        |    64 |   184 ||   248
Dodge: Dodged            |    27 |    74 ||   101
Block: Medium shield     |    70 |   171 ||   241
